 Dungeon Crawl Stone Soup version 0.30-b1-2-g02819fbbbe (webtiles) character file.

Game seed: 5950789720902758722

489288 Arzdou the Acrobat (level 25, -23/219 HPs)
             Began as a Merfolk Monk on May 26, 2023.
             Was a High Priest of the Shining One.
             Blown up by an eye of devastation (31 damage)
             ... with a bolt of energy
             ... on level 5 of the Pits of Slime.
             The game lasted 03:22:00 (59022 turns).

Arzdou the Acrobat (Merfolk Monk)                  Turns: 59022, Time: 03:22:01

Health: -23/219    AC: 12    Str: 17    XL:     25   Next: 1%
Magic:  3/35       EV: 33    Int: 19    God:    the Shining One [*****.]
Gold:   2172       SH: 29    Dex: 22    Spells: 13/38 levels left

rFire   + + +        b - +10 zealot's sword {holy, Zealotry, *Rage rN+ EV+3}
rCold   + . .        L - +8 tower shield {reflect}
rNeg    + + +        Y - +2 robe {rC+ rF+}
rPois   .            R - +2 hat
rElec   +            X - scarf {repulsion}
rCorr   +            p - -1 pair of gloves of the Slightly Bent {rElec Str+2 Dex+4}
SInv    +            l - +2 pair of boots "Qigal" {Will+ SInv}
Will    ++++.        e - amulet of regeneration
Stlth   +            Z - ring "Maggyv Tiax" {Wiz Contam rF++ Str+3}
HPRegen 1.36/turn    D - ring of Gigotedd {Will++ rCorr AC+4 Int+2 Stlth+}
MPRegen 0.24/turn

%: random rage (20%), repel missiles, reflection, wizardry (x1)
@: corroded, on berserk cooldown, hasted, glowing, studying 2 skills, very quick
A: (nimble swimmer 2), mertail, horns 1, iridescent scales 1, clumsy 1,
MP-powered wands
}: 2/15 runes: decaying, serpentine
a: Renounce Religion, Divine Shield, Cleansing Flame, Summon Divine Warrior


You were on level 5 of the Pits of Slime.
You worshipped the Shining One.
The Shining One was extremely pleased with you.
You visited 11 branches of the dungeon, and saw 50 of its levels.
You visited 1 bazaar.
You also visited: Volcano.

You collected 6617 gold pieces.
You spent 4422 gold pieces at shops.
You donated 23 gold pieces to Zin.

Inventory:

Hand Weapons
 a - the +8 autumn katana {manifold assault}
   (You bought it in a shop on level 2 of the Orcish Mines)
 b - the +10 zealot's sword (weapon) {holy, Zealotry, *Rage rN+ EV+3}
   (You found it on level 3 of the Dungeon)

   Zealotry:  Whenever the wielder enters a berserk rage, their allies are
   berserked alongside them.
   EV:        It affects your evasion (+3).
   rN:        It protects you from negative energy.
   *Rage:     It berserks you when you make melee attacks (+20% chance).
 V - a +4 scimitar of flaming
Missiles
 r - 15 atropa-tipped darts
 x - 10 curare-tipped darts (quivered)
 y - 4 throwing nets
Armour
 l - the +2 pair of boots "Qigal" (worn) {Will+ SInv}
   (You bought it in a shop on level 2 of the Orcish Mines)

   SInv:      It lets you see invisible.
   Will:      It increases your willpower.
 p - the -1 pair of gloves of the Slightly Bent (worn) {rElec Str+2 Dex+4}
   (You found it on level 1 of the Snake Pit)

   Str:       It affects your strength (+2).
   Dex:       It affects your dexterity (+4).
   rElec:     It insulates you from electricity.
 u - +0 ice dragon scales
 L - a +8 tower shield of reflection (worn)
 R - a +2 hat (worn)
 X - a scarf of repulsion (worn)
 Y - a +2 robe of resistance (worn)
Jewellery
 e - an amulet of regeneration (around neck)
 D - the ring of Gigotedd (right hand) {Will++ rCorr AC+4 Int+2 Stlth+}
   (You found it on level 2 of the Crypt)

   [ring of protection]

   AC:        It affects your AC (+4).
   Int:       It affects your intelligence (+2).
   rCorr:     It protects you from acid and corrosion.
   Will:      It greatly increases your willpower.
   Stlth:     It makes you more stealthy.
 O - the ring of Pasoa {Fly rPois rC- Int+6}
   (You acquired it on level 13 of the Dungeon)

   [ring of intelligence]

   Int:       It affects your intelligence (+6).
   rC:        It makes you vulnerable to cold.
   rPois:     It protects you from poison.
   Fly:       It grants you flight.
 Z - the ring "Maggyv Tiax" (left hand) {Wiz Contam rF++ Str+3}
   (You took it off a deep elf annihilator on level 3 of the Elven Halls)

   [ring of wizardry]

   It improves your spell success rate.
   Str:       It affects your strength (+3).
   rF:        It greatly protects you from fire.
   Contam:    It causes magical contamination when unequipped.
Wands
 g - a wand of charming (33)
 k - a wand of polymorph (5)
 F - a wand of light (35)
 G - a wand of mindburst (16)
 K - a wand of iceblast (56)
 W - a wand of digging (21)
Scrolls
 m - 8 scrolls of poison
 n - 9 scrolls of fear
 q - a scroll of silence
 v - 15 scrolls of teleportation
 z - 5 scrolls of immolation
 C - 6 scrolls of fog
 H - 2 scrolls of brand weapon
 N - a scroll of magic mapping
 S - 2 scrolls of butterflies
 U - 4 scrolls of blinking
Potions
 c - 11 potions of ambrosia
 f - 6 potions of attraction
 h - 5 potions of heal wounds
 i - 6 potions of flight
 j - 19 potions of curing
 o - 6 potions of mutation
 s - 5 potions of cancellation
 t - 16 potions of haste
 w - 13 potions of lignification
 B - 5 potions of magic
 E - 6 potions of resistance
 J - 6 potions of berserk rage
 M - 7 potions of brilliance
 P - 6 potions of might
Miscellaneous
 d - a lightning rod (4/4)
 A - a phantom mirror
 I - a phial of floods
 Q - a box of beasts
 T - a condenser vane


   Skills:
 - Level 22.4 Fighting
 - Level 18.0 Long Blades
 - Level 5.0 Throwing
 * Level 6.3 Armour
 - Level 24.0 Dodging
 - Level 15.0 Shields
 - Level 7.0 Spellcasting
 - Level 6.0 Hexes
 - Level 21.0 Summonings
 + Level 17.7 Invocations
 + Level 12.8 Evocations


You had 13 spell levels left.
You knew the following spells:

 Your Spells              Type           Power      Damage    Failure   Level
a - Summon Ice Beast      Ice/Summ       46%        N/A       1%          4
b - Summon Hydra          Summ           36%        N/A       1%          7
c - Call Canine Familiar  Summ           72%        N/A       0%          3
d - Summon Cactus Giant   Summ           36%        N/A       1%          6
e - Summon Mana Viper     Hex/Summ       55%        N/A       1%          5

Your spell library contained the following spells:

 Spells                   Type           Power      Damage    Failure   Level
 Summon Small Mammal      Summ           100%       N/A       0%          1
 Slow                     Hex            100%       N/A       1%          1
 Animate Armour           Summ/Erth      92%        N/A       1%          4
 Summon Lightning Spire   Summ/Air       46%        N/A       1%          4
 Confusing Touch          Hex            29%        N/A       3%          3
 Summon Forest            Summ/Tloc      23%        N/A       4%          5
 Dazzling Flash           Conj/Hex       36%        N/A       12%         3
 Inner Flame              Hex/Fire       18%        N/A       12%         3
 Apportation              Tloc           12%        N/A       13%         1
 Necrotise                Necr           24%        1d5       13%         1
 Cigotuvi's Dreadful Rot  Necr/Pois/Air  12%        N/A       19%         2
 Passwall                 Tmut/Erth      5%         N/A       19%         2
 Poisonous Vapours        Pois/Air       12%        N/A       19%         2
 Scorch                   Fire           12%        2d6       19%         2
 Sublimation of Blood     Necr           6%         N/A       19%         2
 Wereblood                Tmut           6%         N/A       19%         2
 Frozen Ramparts          Ice            12%        1d2       34%         3
 Gell's Gravitas          Tloc           6%         N/A       34%         3
 Hailstorm                Conj/Ice       6%         3d4       34%         3
 Ignite Poison            Fire/Tmut/Pois 6%         N/A       34%         3
 Mephitic Cloud           Conj/Pois/Air  6%         N/A       34%         3
 Ozocubu's Armour         Ice            6%         N/A       34%         3
 Teleport Other           Tloc           6%         N/A       34%         3
 Vampiric Draining        Necr           6%         2d6       34%         3
 Vhi's Electric Charge    Tloc/Air       12%        N/A       34%         3
 Volatile Blastmotes      Fire/Tloc      12%        2d11      34%         3
 Anguish                  Hex/Necr       9%         N/A       34%         4
 Fulminant Prism          Conj/Hex       9%         3d7       34%         4
 Silence                  Hex/Air        9%         N/A       67%         5
 Flame Wave               Conj/Fire      6%         2d5       75%         4
 Ice Form                 Ice/Tmut       6%         N/A       75%         4
 Iskenderun's Mystic Bla  Conj/Tloc      6%         2d4       75%         4
 Petrify                  Tmut/Erth      6%         N/A       75%         4
 Sticky Flame             Conj/Fire      6%         2d3       75%         4
 Agony                    Necr           6%         N/A       96%         5
 Alistair's Intoxication  Tmut/Pois      4%         N/A       96%         5
 Arcjolt                  Conj/Air       3%         1d13      96%         5
 Blade Hands              Tmut           3%         N/A       96%         5
 Borgnjor's Vile Clutch   Necr/Erth      3%         N/A       96%         5
 Freezing Cloud           Conj/Ice/Air   3%         6-21      96%         5
 Irradiate                Conj/Tmut      3%         3d12      96%         5
 Lee's Rapid Deconstruct  Erth           3%         3d5*      96%         5
 Dispersal                Tloc           3%         N/A       100%        6
 Eringya's Noxious Bog    Tmut/Pois      3%         N/A       100%        6
 Iron Shot                Conj/Erth      3%         9d2       100%        6
 Simulacrum               Ice/Necr       3%         N/A       100%        6
 Starburst                Conj/Fire      3%         6d3       100%        6
 Statue Form              Tmut/Erth      4%         N/A       100%        6
 Enfeeble                 Hex            14%        N/A       100%        7
 Ozocubu's Refrigeration  Ice            3%         4d8       100%        7
 Maxwell's Capacitive Co  Air            3%         ∞         100%        8
 Necromutation            Tmut/Necr      3%         N/A       100%        8
 Chain Lightning          Conj/Air       3%         3d4       100%        9
 Fire Storm               Conj/Fire      3%         8d1       100%        9
 Polar Vortex             Ice            3%         N/A       100%        9
 Shatter                  Erth           3%         3d7*      100%        9


Dungeon Overview and Level Annotations

Branches:
Dungeon (15/15)            Temple (1/1) D:4            Lair (5/5) D:10
  Swamp (4/4) Lair:3        Snake (4/4) Lair:3        Slime (5/5) Lair:5
    Orc (2/2) D:11            Elf (3/3) Orc:2        Vaults (4/5) D:14
  Crypt (3/3) Vaults:2       Tomb (0/3) Crypt:3      Depths (4/4) D:15
    Zot (0/5) Depths:4    Volcano (visited)

Altars:
Ashenzari
Cheibriados
Dithmenos
Elyvilon
Fedhas
Gozag
Hepliaklqana
Kikubaaqudgha
Makhleb
Nemelex Xobeh
Okawaru
Qazlal
Ru
Sif Muna
Trog
Uskayaw
Vehumet
Wu Jian
Xom
Yredelemnul
Zin
The Shining One
Jiyva

Shops:
D:2 *   D:4 *(   D:5 (   D:11 *   D:14 ?   Orc:2 *[=[   Vaults:3 =
Vaults:4 *(

Portals:
Hell: Depths:1 Depths:2 Depths:3 Depths:4
Abyss: Depths:3
Pandemonium: Depths:2
Ziggurat: Depths:3

Annotations:
D:7 1 runed translucent door
D:10 exclusion: oklob plant


Innate Abilities, Weirdness & Mutations

((You are very nimble when in or above water. (Stealth+, EV+, Speed+++)))
Your lower body shifts to a powerful aquatic tail in water.
You have a pair of small horns on your head.
You are partially covered in iridescent scales. (AC +2)
You are clumsy. (Dex -2)
You expend magic power (3 MP) to strengthen your wands.


Message History

The golden flame engulfs the acid blob!!!
The acid blob is heavily wounded.
The golden flame engulfs the acid blob!!
The acid blob is lightly wounded.
The acid blob spits acid at you. The splash of acid hits you. You resist.
* * * LOW HITPOINT WARNING * * *
The acid corrodes you! You block the azure jelly's attack. x2
The azure jelly completely misses you. You block the azure jelly's attack.
The eye of devastation gazes at you.
The bolt of energy is repelled.
You feel much better. The acid blob hits you!!
* * * LOW HITPOINT WARNING * * *
You are splashed with acid.
You resist.
* * * LOW HITPOINT WARNING * * *
You block the acid blob's attack. You block the azure jelly's attack. x2
The azure jelly hits you.
* * * LOW HITPOINT WARNING * * *
The azure jelly misses you.
Unknown command.
Okay, then.
You feel yourself speed up. You block the acid blob's attack.
The acid blob barely misses you. You block the azure jelly's attack.
The azure jelly hits you.
* * * LOW HITPOINT WARNING * * *
The azure jelly freezes you! You resist.
* * * LOW HITPOINT WARNING * * *
You block the azure jelly's attack.
The azure jelly hits you but does no damage.
The acid blob spits acid at you. The splash of acid hits you! You resist.
* * * LOW HITPOINT WARNING * * *
The acid corrodes you!
Okay, then.
Blink to where?
Press: ? - help, Dir - move target
As you read the scroll of blinking, it crumbles to dust.
The eye of devastation gazes at you. The bolt of energy hits you!!
You die...

#....## ........#
........##
.........##
..........##
...........#
...........###
........<....####
........@.......#
................# #
................#.#
....................
...................#
...................
##.................
#........GJ.......
##.......JJ.......


You could see an acid blob and an eye of devastation.

Vanquished Creatures
  An ancient lich (Crypt:2)
  A juggernaut (Depths:4)
  Saint Roka (Crypt:2)
  Xtahua (Vaults:2)
  A caustic shrike (Depths:3)
  A golden dragon (Depths:4)
  Jory (Crypt:3)
  3 doom hounds (Depths:4)
  The ghost of t4s4d4r the Marksdemigod, an adept DgHu (Elf:3)
  5 liches
  8 acid blobs
  Grunn (Depths:4)
  A titan (Depths:3)
  Gastronok (D:10)
  An ancient champion (Vaults:2)
  A deep elf master archer (Elf:3)
  A sphinx (Vaults:3)
  A thorn hunter (Swamp:4)
  7 azure jellies
  2 tengu reavers
  2 revenants
  Roxanne (Elf:2)
  7 nagarajas
  A rockslime (Slime:5)
  A draconian monk (Depths:3)
  4 deep elf sorcerers (Elf:3)
  3 fire giants
  16 vault wardens
  3 frost giants
  A curse skull (Crypt:1)
  Aizul (Snake:3)
  2 orc warlords
  4 ghouls
  5 deep elf elementalists
  A quicksilver ooze (Slime:2)
  12 ironbound preservers
  A spriggan defender (Depths:3)
  2 draconian stormcallers (Depths:4)
  A reaper (Depths:4)
  20 very ugly things
  2 war gargoyles (Vaults:4)
  A green draconian (Depths:4)
  13 ironbound thunderhulks
  10 vampire knights
  8 stone giants
  3 deep elf demonologists
  6 deep elf annihilators
  8 dire elephants
  A rockslime zombie (Crypt:1)
  6 eleionomae
  2 red draconians (Depths:4)
  A white draconian (Depths:4)
  7 bunyips
  7 spark wasps
  5 deep elf death magi
  A green death (Depths:4)
  6 fire dragons
  A crystal guardian (Vaults:4)
  4 eidola
  2 entropy weavers
  5 ettins
  9 jiangshi
  3 yaktaur captains
  5 great orbs of eyes
  3 deep elf high priests
  The ghost of graymark the Thaumaturge, a journeyman DjFE of Makhleb (D:11)
  16 vault guards
  13 hydras
  3 ice dragons
  A salamander tyrant (Snake:4)
  9 ironbound frosthearts
  3 spriggan air magi
  4 two-headed ogres
  A catoblepas (Lair:5)
  8 centaur warriors
  21 dancing weapons
  2 boulder beetles (D:13)
  9 anacondas
  4 peacekeepers
  9 deep troll shamans
  4 alligators
  Erica (D:9)
  10 naga warriors
  5 vampire magi
  2 tengu warriors (Depths:4)
  3 orc high priests (Orc:2)
  13 deep elf knights
  4 shock serpents
  2 deep troll earth magi (Depths:3)
  5 naga sharpshooters
  4 spriggan berserkers
  6 death yaks
  3 soul eaters
  Amaemon (D:8)
  A spark wasp zombie (Crypt:2)
  2 hell knights (Depths:2)
  11 skeletal warriors
  A death drake (Swamp:3)
  A golden dragon zombie (Crypt:2)
  A shadow wraith (Crypt:2)
  3 salamander mystics
  2 skysharks (Lair:5)
  A bunyip zombie (Crypt:3)
  9 iron trolls
  3 spriggan druids
  2 nameless horrors
  34 deep trolls
  6 glowing orange brains
  3 naga ritualists
  9 flayed ghosts
  A death drake (shapeshifter) (D:15)
  A tengu zombie (Crypt:3)
  11 deep elf archers
  9 swamp dragons
  2 obsidian statues
  10 ironbound convokers
  8 phantasmal warriors
  5 bog bodies
  4 wizards
  Pikel (D:7)
  12 deep elf pyromancers
  7 orc knights
  9 mana vipers
  8 necromancers
  6 manticores
  2 shining eyes
  35 ugly things
  2 lindwurms
  19 deep elf zephyrmancers
  3 cyclopes
  12 salamanders
  4 orc sorcerers
  A will-o-the-wisp (Swamp:4)
  Maurice (D:10)
  2 naga zombies (Crypt:3)
  2 elephants (Lair:5)
  2 centaur zombies (Crypt:3)
  14 naga magi
  29 black mambas
  7 guardian serpents
  An elephant slug zombie (Crypt:1)
  17 vault sentinels
  11 cane toads
  A smoke demon (Depths:4)
  3 molten gargoyles (Volcano)
  2 centaur skeletons (D:14)
  2 eyes of devastation
  2 unseen horrors
  A gargoyle (D:14)
  An orange demon (D:8)
  A mana viper zombie (Crypt:1)
  3 rime drakes
  24 yaktaurs
  3 tengu conjurers
  3 freezing wraiths
  9 komodo dragons
  A catoblepas skeleton (Crypt:2)
  A kobold demonologist (D:13)
  3 efreet (Volcano)
  2 harpy zombies
  A meliai (shapeshifter) (Vaults:1)
  7 trolls
  3 meliai (D:12)
  8 tyrant leeches
  12 polar bears
  9 hornets
  A radroach zombie (Crypt:3)
  5 blink frogs
  Grinder (D:3)
  A queen bee (D:12)
  A blink frog (shapeshifter) (D:13)
  A dream sheep (Lair:5)
  An iron dragon simulacrum (Crypt:2)
  A dream sheep (shapeshifter) (Elf:1)
  An air elemental (Elf:1)
  6 flying skulls (Crypt:1)
  66 slime creatures
  10 water elementals
  6 wraiths
  16 spriggans
  2 shadows
  12 vampires
  A ynoxinul (Depths:4)
  7 fire elementals
  A black mamba skeleton (Crypt:2)
  6 golden eyes (Slime:1)
  4 wyverns
  32 yaks
  A neqoxec (Depths:4)
  2 steam dragons (D:7)
  3 basilisks
  6 vampire mosquitoes
  A deep troll zombie (Crypt:3)
  3 acid dragons
  10 wargs
  A glowing shapeshifter zombie (D:15)
  33 nagas
  17 water moccasins
  17 swamp worms
  17 hell hounds
  12 black bears
  31 orc warriors
  7 ice beasts
  A snapping turtle zombie (Crypt:3)
  11 swamp drakes
  2 centaurs
  29 wolves
  7 ogres
  2 phantoms
  4 kobold brigands
  4 earth elementals
  14 bullfrogs
  3 necrophages
  A wyvern zombie (Crypt:1)
  5 scorpions
  15 wights
  29 killer bees
  6 howler monkeys
  4 electric eels
  A lava snake (Lair:5)
  12 jellies
  A hound (D:5)
  2 human zombies
  3 gnoll boudas
  19 orc priests
  2 hell rats (D:8)
  An iguana (D:5)
  3 sleepcaps
  A boggart zombie (Crypt:1)
  20 orc wizards
  A scorpion zombie (Crypt:3)
  A boggart skeleton (Crypt:3)
  16 gnolls
  5 river rats (D:8)
  12 adders
  A steam dragon skeleton (Crypt:2)
  5 white imps
  An ufetubus (D:6)
  A lava snake zombie (Crypt:1)
  2 worms
  5 dart slugs
  93 orcs
  8 ball pythons
  6 bats
  9 endoplasms
  2 giant cockroaches
  8 goblins
  11 hobgoblins
  7 jackals
  8 quokkas
  6 frilled lizards
  A goblin zombie (Crypt:1)
  24 kobolds
  A kobold zombie (D:7)
  26 rats
1668 creatures vanquished.

Vanquished Creatures (collateral kills)
  the Royal Jelly (Slime:5)
  Mennas (Vaults:3)
  2 juggernauts
  Vashnia (Snake:4)
  A golden dragon (Depths:3)
  A bone dragon (Depths:4)
  Jorgrun (D:15)
  Zenata (Vaults:1)
  A lich (Crypt:2)
  2 deep elf blademasters
  A deep elf master archer (Elf:3)
  2 titans
  2 ancient champions
  2 acid blobs (Slime:5)
  The ghost of Forgeling the Bewitcher, an adept FeEn of Dithmenos (Vaults:4)
  A sphinx (Depths:3)
  Agnes (Elf:2)
  A fire giant (Depths:3)
  6 rockslimes (Slime:5)
  An azure jelly (Slime:5)
  A revenant (Crypt:1)
  A balrug (Depths:4)
  A frost giant (Depths:4)
  5 ghouls
  A deep elf sorcerer (Elf:3)
  An orc warlord (Vaults:3)
  2 ironbound preservers
  2 caustic shrike zombies (Crypt:3)
  2 draconian stormcallers
  3 quicksilver oozes (Slime:5)
  The ghost of bl3nd3r the Brawler, a journeyman TrFi of Wu Jian (Lair:3)
  6 very ugly things
  3 stone giants
  2 cacodemons (Depths:4)
  2 ironbound thunderhulks
  7 vampire knights (Crypt:3)
  A deep elf demonologist (Elf:3)
  2 spark wasps (Depths:3)
  A dire elephant (Lair:5)
  2 deep elf annihilators (Elf:3)
  A minotaur (Lair:3)
  2 ettins
  An eidolon (Crypt:2)
  A deep elf death mage (Elf:3)
  A shambling mangrove (Swamp:4)
  4 deep elf high priests (Elf:3)
  6 jiangshi
  3 fire dragons
  An entropy weaver (Vaults:1)
  Josephine (Lair:5)
  3 yaktaur captains
  2 rakshasas (Depths:3)
  10 hydras
  A great orb of eyes (Slime:2)
  An ice dragon (Depths:4)
  4 vault guards
  A spriggan air mage (Depths:4)
  A centaur warrior (D:14)
  An alligator (Swamp:4)
  An ironbound frostheart (Vaults:1)
  2 death knights (Crypt:2)
  9 dancing weapons
  3 vampire magi (Crypt:3)
  2 death yaks (Lair:5)
  2 deep troll earth magi
  4 deep elf knights
  2 spriggan berserkers (Depths:4)
  An orc high priest (Orc:2)
  2 shock serpents
  Sonja (Lair:5)
  A soul eater (Crypt:2)
  7 skeletal warriors
  A sun demon (Depths:4)
  A shadow wraith (Crypt:2)
  A sixfirhy (Depths:4)
  A ghost moth zombie (Crypt:2)
  A golden dragon zombie (Crypt:3)
  A flayed ghost (Crypt:2)
  4 deep trolls
  A glowing orange brain (Depths:3)
  An orc knight (Orc:2)
  2 swamp dragons (Swamp:4)
  6 phantasmal warriors
  6 deep elf pyromancers
  An ironbound convoker (Vaults:3)
  4 deep elf zephyrmancers
  An iron dragon zombie (D:15)
  An eleionoma zombie (Crypt:3)
  A sphinx skeleton (D:15)
  3 ugly things
  A mana viper (Snake:3)
  A centaur zombie (Crypt:3)
  A cyclops (D:13)
  A manticore (Lair:5)
  A guardian serpent (Snake:3)
  3 black mambas
  An ice statue (Lair:5)
  3 centaur skeletons
  A naga mage (Snake:1)
  8 vault sentinels
  A torpor snail (Lair:5)
  3 cane toads (Lair:5)
  A rime drake (Lair:5)
  A spriggan zombie (D:15)
  An alligator snapping turtle skeleton (Crypt:2)
  2 yaktaurs
  2 tengu conjurers
  2 komodo dragons
  A redback zombie (Crypt:2)
  A harpy zombie (Crypt:3)
  An ice devil (Lair:5)
  3 hornets
  6 dream sheep (Lair:5)
  An ettin zombie (Crypt:2)
  A ynoxinul (Depths:4)
  An ettin skeleton (Crypt:2)
  11 slime creatures
  2 spriggans
  5 wraiths
  12 vampires (Crypt:3)
  A wyvern (Lair:5)
  A fire elemental (Elf:3)
  A golden eye (Slime:5)
  A chaos spawn (Depths:4)
  A glowing shapeshifter zombie (Crypt:2)
  3 nagas
  A water moccasin (Lair:5)
  An acid dragon (D:13)
  2 orc warriors
  A swamp drake (Swamp:4)
  2 centaurs (D:14)
  A rime drake zombie (Crypt:2)
  A komodo dragon skeleton (Crypt:3)
  A polar bear skeleton (Crypt:3)
  3 orc priests
  3 orc wizards (Orc:2)
  2 orcs
300 creatures vanquished.

Vanquished Creatures (others)
  2 eldritch tentacles (Elf:3)
  A deep elf elementalist (Elf:3)
  An ironbound frostheart (Vaults:2)
  A deep troll (Vaults:1)
  A bog body (Swamp:1)
  A deep elf pyromancer (Elf:1)
  A deep elf zephyrmancer (Elf:3)
  A naga mage (Snake:3)
  A yaktaur (Vaults:4)
  4 bloated husks
  A bush (Lair:3)
  14 fungi
  113 plants
  2 withered plants (D:15)
144 creatures vanquished.

Grand Total: 2112 creatures vanquished

Notes
Turn   | Place    | Note
-------+----------+-------------------------------------------
     0 | D:1      | Arzdou the Merfolk Monk began the quest for the Orb.
     0 | D:1      | Reached XP level 1. HP: 18/18 MP: 1/1
   125 | D:1      | Reached XP level 2. HP: 24/24 MP: 2/2
   137 | D:1      | Found a faded altar of an unknown god.
   144 | D:1      | Prayed at the altar of an unknown god.
   144 | D:1      | Became a worshipper of Zin the Law-Giver
   144 | D:1      | Reached * piety under Zin
   144 | D:1      | Reached ** piety under Zin
   523 | D:1      | Reached XP level 3. HP: 22/30 MP: 3/3
   927 | D:2      | Reached skill level 1 in Invocations
  1010 | D:2      | Reached *** piety under Zin
  1085 | D:2      | Reached XP level 4. HP: 26/37 MP: 4/4
  1202 | D:2      | Got the Compendium of the Meteoric Volcano
  1346 | D:2      | Found Siffilox's General Store.
  1437 | D:2      | Reached skill level 5 in Dodging
  2370 | D:3      | Reached XP level 5. HP: 41/42 MP: 6/6
  2374 | D:3      | Reached skill level 5 in Long Blades
  2399 | D:3      | Found the +10 zealot's sword {holy, Zealotry, *Rage rN+
                  | EV+3}
  2887 | D:3      | Noticed Grinder
  2897 | D:3      | Killed Grinder
  2898 | D:3      | Reached XP level 6. HP: 48/48 MP: 7/7
  2915 | D:3      | Reached **** piety under Zin
  3079 | D:4      | Reached XP level 7. HP: 52/54 MP: 8/8
  3168 | D:4      | Found Ronas's Antique Weapon Shop.
  3244 | D:4      | Found a staircase to the Ecumenical Temple.
  3248 | D:4      | Found Zixatt's Overcharged Wands.
  3279 | Temple   | Entered the Ecumenical Temple
  3714 | D:4      | Found a snail-covered altar of Cheibriados.
  3714 | D:4      | Found a glowing golden altar of the Shining One.
  3961 | D:4      | Reached skill level 5 in Fighting
  4160 | D:5      | Entered Level 5 of the Dungeon
  4447 | D:5      | Found Tescheh's Hydra Hut.
  4451 | D:5      | Noticed an eight-headed hydra
  4501 | D:5      | Reached XP level 8. HP: 67/67 MP: 9/9
  4970 | D:5      | Found a shadowy altar of Dithmenos.
  5246 | D:6      | Found a broken altar of Ashenzari.
  5270 | D:6      | Reached ***** piety under Zin
  5277 | D:6      | Reached skill level 10 in Fighting
  5626 | D:6      | Reached skill level 6 in Dodging
  5626 | D:6      | Reached XP level 9. HP: 68/78 MP: 10/10
  5861 | D:6      | Reached skill level 7 in Dodging
  5926 | D:6      | Reached skill level 8 in Dodging
  6133 | D:6      | Reached skill level 9 in Dodging
  6557 | D:4      | Fell from the grace of Zin
  6557 | D:4      | Became a worshipper of the Shining One
  6557 | D:4      | Reached * piety under the Shining One
  6557 | D:4      | Reached ** piety under the Shining One
  6733 | D:7      | Found a runed translucent door.
  6862 | D:7      | Reached skill level 10 in Dodging
  6939 | D:7      | Found a glowing silver altar of Zin.
  7181 | D:7      | Found an opulent altar of Gozag.
  7726 | D:7      | Noticed Pikel
  7734 | D:7      | Killed Pikel
  7735 | D:7      | Reached skill level 10 in Long Blades
  7735 | D:7      | Reached XP level 10. HP: 85/85 MP: 11/11
  7935 | D:7      | Found a basalt altar of Yredelemnul.
  8379 | D:8      | Reached *** piety under the Shining One
  8523 | D:8      | Found an ancient bone altar of Kikubaaqudgha.
  8889 | D:8      | Noticed an orange demon
  8892 | D:8      | Found a radiant altar of Vehumet.
  8892 | D:8      | Noticed Amaemon
  9255 | D:9      | Found a sparkling altar of Nemelex Xobeh.
  9307 | D:9      | Reached skill level 5 in Invocations
  9594 | D:9      | Noticed Erica
  9599 | D:9      | Killed Erica
  9600 | D:9      | Reached XP level 11. HP: 87/90 MP: 16/16
  9642 | D:9      | Found an iron altar of Okawaru.
  9701 | D:9      | Reached **** piety under the Shining One
 10025 | D:10     | Entered Level 10 of the Dungeon
 10090 | D:10     | Found a staircase to the Lair.
 10090 | D:10     | Noticed Maurice
 10131 | D:10     | Killed Maurice
 10327 | Lair:1   | Entered Level 1 of the Lair of Beasts
 11050 | Lair:1   | Found a dark tunnel.
 11064 | Volcano  | Entered a volcano
 11127 | Volcano  | Reached skill level 5 in Throwing
 11197 | Volcano  | Noticed a lindwurm
 11197 | Volcano  | Noticed a lindwurm
 11477 | Volcano  | Reached skill level 10 in Invocations
 11822 | Volcano  | Reached XP level 12. HP: 97/97 MP: 15/19
 12678 | D:10     | Identified the +0 chain mail of Masochism {rElec Str+2}
 12766 | D:10     | Noticed a two-headed ogre
 12766 | D:10     | Noticed an eight-headed hydra
 12775 | D:10     | Killed a two-headed ogre
 12779 | D:10     | Killed a five-headed hydra
 13099 | D:10     | Noticed Gastronok
 13110 | D:10     | Reached skill level 1 in Shields
 13122 | D:10     | Killed Gastronok
 13268 | D:10     | Found a blossoming altar of Fedhas.
 13470 | D:10     | Noticed an eight-headed hydra
 13473 | D:10     | Noticed a two-headed ogre
 13480 | D:10     | Noticed a two-headed ogre
 13482 | D:10     | Killed a four-headed hydra
 13520 | D:10     | Killed a two-headed ogre
 13521 | D:10     | Reached skill level 5 in Shields
 13554 | D:10     | Killed a two-headed ogre
 14207 | D:11     | Found a staircase to the Orcish Mines.
 14231 | D:11     | Found a runed translucent gate.
 14233 | D:11     | Found a runed translucent gate.
 14234 | D:11     | Found a runed translucent gate.
 14235 | D:11     | Noticed graymark's ghost (journeyman DjFE)
 14244 | D:11     | Found a viscous altar of Jiyva.
 14259 | D:11     | Reached skill level 11 in Dodging
 14392 | D:11     | Found Xag Quy's Fire Supplies.
 14627 | D:11     | Learned a level 4 spell: Summon Ice Beast
 14741 | D:11     | Reached skill level 1 in Summonings
 15690 | Lair:3   | Reached XP level 13. HP: 104/106 MP: 21/21
 15741 | Lair:3   | Found a staircase to the Snake Pit.
 15983 | Lair:3   | Reached skill level 12 in Dodging
 16069 | Lair:3   | Found a runed translucent gate.
 16069 | Lair:3   | Found a runed translucent gate.
 16069 | Lair:3   | Found a runed translucent gate.
 16070 | Lair:3   | Noticed a minotaur
 16071 | Lair:3   | Noticed bl3nd3r's ghost (journeyman TrFi)
 16090 | Lair:3   | Found a staircase to the Swamp.
 17052 | Lair:4   | Reached ***** piety under the Shining One
 17098 | Lair:4   | Reached skill level 5 in Summonings
 17119 | Lair:4   | Reached skill level 13 in Dodging
 17708 | Lair:5   | Entered Level 5 of the Lair of Beasts
 18309 | Lair:5   | Reached skill level 14 in Dodging
 18330 | Lair:5   | Reached XP level 14. HP: 112/118 MP: 22/22
 18635 | Lair:5   | Noticed Sonja
 18635 | Lair:5   | Reached ****** piety under the Shining One
 18651 | Lair:5   | Killed Sonja
 18691 | Lair:5   | Noticed Josephine
 18702 | Lair:5   | Killed Josephine
 18812 | Lair:5   | Reached skill level 15 in Dodging
 18867 | Lair:5   | Noticed a dire elephant
 18876 | Lair:5   | Killed a dire elephant
 18938 | Lair:5   | Noticed a dire elephant
 18946 | Lair:5   | Killed a dire elephant
 19282 | Lair:5   | Found a runed translucent door.
 19549 | Lair:5   | Found a staircase to the Slime Pits.
 19719 | Orc:1    | Entered Level 1 of the Orcish Mines
 19996 | Orc:1    | Noticed an orc warlord
 20005 | Orc:1    | Killed an orc warlord
 20091 | Orc:2    | Entered Level 2 of the Orcish Mines
 20319 | Orc:2    | Found a staircase to the Elven Halls.
 20349 | Orc:2    | Reached skill level 15 in Fighting
 20359 | Orc:2    | Reached skill level 10 in Summonings
 20423 | Orc:2    | Reached XP level 15. HP: 129/129 MP: 23/23
 20598 | Orc:2    | Found Disk's Armour Shoppe.
 20598 | Orc:2    | Found Nuriug's General Store.
 20600 | Orc:2    | Found Esumn's Jewellery Shop.
 20600 | Orc:2    | Found Uzyranliu's Antique Armour Shoppe.
 20609 | Orc:2    | Bought a pair of transparent boots for 285 gold pieces
 20609 | Orc:2    | Identified the +2 pair of boots "Qigal" {Will+ SInv} (You
                  | bought it in a shop on level 2 of the Orcish Mines)
 20972 | Orc:2    | Bought the +8 autumn katana {manifold assault} for 656 gold
                  | pieces
 20972 | Orc:2    | Found the +8 autumn katana {manifold assault}
 21646 | D:8      | Killed Amaemon
 21852 | D:11     | Killed graymark's ghost
 23151 | D:13     | Identified a scroll of acquirement
 23151 | D:13     | Acquired the ring of Pasoa {Fly rPois rC- Int+6}
 23251 | D:13     | Reached skill level 1 in Evocations
 23936 | D:14     | Reached skill level 15 in Invocations
 24000 | D:14     | Found Igel's Magic Scroll Shop.
 24003 | D:14     | Bought a scroll of teleportation for 42 gold pieces
 24003 | D:14     | Bought a scroll of blinking for 105 gold pieces
 24003 | D:14     | Bought a scroll of fear for 56 gold pieces
 24351 | D:14     | Reached skill level 5 in Evocations
 24429 | D:14     | Found a gate to the Vaults.
 24479 | D:14     | Reached XP level 16. HP: 136/136 MP: 27/27
 25150 | D:15     | Entered Level 15 of the Dungeon
 25150 | D:15     | Found a shadowy altar of Dithmenos.
 25244 | D:15     | Found a staircase to the Depths.
 25369 | D:15     | Noticed Jorgrun
 25382 | D:15     | Killed Jorgrun
 25670 | D:15     | Found a white marble altar of Elyvilon.
 25794 | D:11     | Bought a +1 buckler of fire resistance for 247 gold pieces
 26048 | Snake:1  | Entered Level 1 of the Snake Pit
 26117 | Lair:3   | Reached skill level 1 in Armour
 26281 | Snake:1  | Identified the -1 pair of gloves of the Slightly Bent
                  | {rElec Str+2 Dex+4}
 27140 | Snake:2  | Noticed a nagaraja
 27206 | Snake:2  | Noticed a nagaraja
 27402 | Snake:1  | Killed a nagaraja
 27499 | Snake:2  | Killed a nagaraja
 27572 | Snake:2  | Got the Folio of the Brume
 27579 | Snake:2  | Reached skill level 5 in Armour
 28402 | Snake:3  | Noticed a nagaraja
 28418 | Snake:3  | Killed a nagaraja
 28419 | Snake:3  | Noticed Aizul
 28435 | Snake:3  | Killed Aizul
 28714 | Snake:3  | Got the Catalogue of Allied Nephomancy
 28932 | Snake:3  | Reached XP level 17. HP: 126/142 MP: 28/28
 29187 | Snake:3  | Learned a level 7 spell: Summon Hydra
 29191 | Snake:3  | Learned a level 3 spell: Call Canine Familiar
 29554 | Snake:4  | Entered Level 4 of the Snake Pit
 29645 | Swamp:1  | Entered Level 1 of the Swamp
 29736 | Lair:3   | Killed bl3nd3r's ghost
 29943 | Swamp:1  | Reached skill level 16 in Dodging
 32146 | Swamp:3  | Reached skill level 17 in Dodging
 32410 | Swamp:4  | Entered Level 4 of the Swamp
 32810 | Swamp:3  | Reached skill level 18 in Dodging
 32973 | Swamp:4  | Reached XP level 18. HP: 152/155 MP: 29/29
 33518 | Swamp:4  | Got a decaying rune of Zot
 33917 | Snake:4  | Acquired a manual of Summonings
 34147 | Snake:4  | Reached skill level 1 in Spellcasting
 34935 | Snake:4  | Reached skill level 19 in Dodging
 34937 | Snake:4  | Noticed Vashnia
 34961 | Snake:4  | Killed Vashnia
 35042 | Snake:4  | Got a serpentine rune of Zot
 35506 | Depths:1 | Entered Level 1 of the Depths
 35970 | Depths:1 | Found a gateway to Hell.
 36162 | Depths:1 | Found a glowing golden altar of the Shining One.
 36175 | Depths:1 | Found a burning altar of Makhleb.
 36725 | Depths:2 | Reached skill level 15 in Summonings
 36725 | Depths:2 | Reached XP level 19. HP: 133/163 MP: 30/30
 36731 | Depths:2 | Reached skill level 5 in Spellcasting
 36950 | Depths:2 | Found a hazy altar of Hepliaklqana.
 37042 | Depths:2 | Reached skill level 20 in Dodging
 37052 | Depths:2 | Found a stormy altar of Qazlal.
 37181 | Depths:2 | Identified the +4 mace of Ynerryg {heavy, Drain rElec rN+
                  | Dex+5}
 37186 | Depths:2 | Found a one-way gate leading to the halls of Pandemonium.
 37880 | Depths:3 | Got the Reference Book on Permutations
 38022 | Depths:3 | Noticed a golden dragon
 38032 | Depths:3 | Killed a golden dragon
 38033 | Depths:3 | Found a one-way gateway to a ziggurat.
 38079 | Depths:3 | Found a one-way gate to the infinite horrors of the Abyss.
 38250 | Depths:3 | Noticed a caustic shrike
 38255 | Depths:3 | Killed a caustic shrike
 38397 | Depths:3 | Reached skill level 21 in Dodging
 38598 | Depths:3 | Noticed a juggernaut
 38925 | Depths:3 | Killed a juggernaut
 39113 | Depths:3 | Reached XP level 20. HP: 170/170 MP: 31/31
 39284 | Depths:3 | Identified the staff of fire "Cagrainn" {rElec rF+ Stlth+}
 39286 | Depths:3 | Identified the staff of conjuration "Jaugec" {Int+2}
 39465 | Depths:4 | Entered Level 4 of the Depths
 39822 | Depths:3 | Reached skill level 10 in Shields
 39935 | Depths:4 | Found a gate to the Realm of Zot.
 39943 | Depths:4 | Noticed a golden dragon
 39965 | Depths:4 | Killed a golden dragon
 40273 | Depths:4 | Noticed Grunn
 40277 | Depths:4 | Noticed a doom hound
 40277 | Depths:4 | Noticed a doom hound
 40282 | Depths:4 | Noticed a doom hound
 40283 | Depths:4 | Noticed a bone dragon
 40286 | Depths:4 | Killed Grunn
 40291 | Depths:4 | Killed a doom hound
 40295 | Depths:4 | Killed a bone dragon
 40296 | Depths:4 | Killed a doom hound
 40301 | Depths:4 | Killed a doom hound
 40337 | Depths:4 | Found an opulent altar of Gozag.
 40415 | Depths:4 | Noticed a juggernaut
 40431 | Depths:4 | Killed a juggernaut
 40935 | Depths:3 | Learned a level 6 spell: Summon Cactus Giant
 41111 | Depths:4 | Noticed a juggernaut
 41129 | Depths:4 | Killed a juggernaut
 41255 | Depths:4 | Identified the +0 mace "Ceyghab" {elec, rF+ rC- Str+7}
 42283 | Vaults:1 | Entered Level 1 of the Vaults
 42494 | Vaults:1 | Reached XP level 21. HP: 90/177 MP: 24/32
 42813 | Vaults:1 | Noticed Zenata
 42836 | Vaults:1 | Killed Zenata
 45970 | Vaults:2 | Noticed Xtahua
 45977 | Vaults:2 | Killed Xtahua
 46039 | Vaults:2 | Found a flickering gateway to a bazaar.
 46057 | Bazaar   | Entered a bazaar
 46057 | Bazaar   | Found Angebyll's Antique Weapon Emporium.
 46057 | Bazaar   | Found Boxzas's Antique Armour Emporium.
 46086 | Bazaar   | Found Tobacin's Distillery.
 46094 | Bazaar   | Found Moef's General Store.
 46105 | Bazaar   | Found Qaang's Jewellery Boutique.
 46124 | Bazaar   | Bought a scroll of enchant weapon for 97 gold pieces
 46124 | Bazaar   | Bought a scroll of enchant armour for 97 gold pieces
 46124 | Bazaar   | Bought a scroll of blinking for 97 gold pieces
 46132 | Bazaar   | Bought a potion of curing for 36 gold pieces
 46132 | Bazaar   | Bought a potion of mutation for 96 gold pieces
 46132 | Bazaar   | Bought 2 potions of heal wounds for 120 gold pieces
 46132 | Bazaar   | Bought a potion of magic for 96 gold pieces
 46132 | Bazaar   | Bought a potion of resistance for 120 gold pieces
 46132 | Bazaar   | Bought a potion of resistance for 120 gold pieces
 46132 | Bazaar   | Bought a potion of mutation for 96 gold pieces
 46132 | Bazaar   | Bought a potion of heal wounds for 60 gold pieces
 46154 | Bazaar   | Bought a bloodstained short sword for 240 gold pieces
 46154 | Bazaar   | Identified the +8 short sword of the Brewing Gods {freeze,
                  | rPois rCorr Str+3 Dex+5} (You bought it in a shop in a
                  | bazaar)
 47060 | Vaults:2 | Found a staircase to the Crypt.
 47810 | Crypt:1  | Entered Level 1 of the Crypt
 47895 | Crypt:1  | Reached skill level 15 in Shields
 48252 | Crypt:1  | Reached XP level 22. HP: 184/184 MP: 33/33
 48447 | Crypt:1  | Identified the +1 tower shield "Dulomast" {rC+ Will+ Regen+
                  | Str+5}
 48732 | Crypt:2  | Found a transporter.
 48860 | Crypt:2  | Noticed Saint Roka
 48875 | Crypt:2  | Killed Saint Roka
 49074 | Crypt:2  | Reached skill level 15 in Long Blades
 49101 | Crypt:2  | Identified the ring of Etetwoir {Wiz Will+ Str+6}
 49212 | Crypt:2  | Found a transporter.
 49285 | Crypt:2  | Noticed an ancient lich
 49304 | Crypt:2  | Killed an ancient lich
 49318 | Crypt:2  | Identified the ring of Gigotedd {Will++ rCorr AC+4 Int+2
                  | Stlth+}
 49332 | Crypt:2  | Identified the ring "Fytyd" {rF+ rN+ EV+5 Dex+2 SInv
                  | Stlth+}
 49408 | Crypt:3  | Entered Level 3 of the Crypt
 49409 | Crypt:3  | Identified the +0 tower shield "Gygoth" {rPois rN+ Will+
                  | Dex-5}
 49466 | Crypt:3  | Reached skill level 22 in Dodging
 49624 | Crypt:3  | Noticed Jory
 49631 | Crypt:3  | Killed Jory
 50553 | Crypt:3  | Found a staircase to the Tomb.
 50646 | Crypt:3  | Reached XP level 23. HP: 198/198 MP: 34/34
 50667 | Crypt:3  | Identified the +0 plate armour of Goah {Drain rC+ Will+
                  | Dex+2}
 50689 | Crypt:3  | Identified the +0 shortbow of Iliengin {drain, Int+4}
 51351 | Vaults:3 | Reached skill level 23 in Dodging
 51444 | Vaults:3 | Found Myedegror's Jewellery Boutique.
 51444 | Vaults:3 | Noticed Mennas
 51457 | Vaults:3 | Killed Mennas
 52598 | Vaults:4 | Found Maogous's Weapon Shop.
 53259 | Vaults:4 | Found a runed translucent gate.
 53259 | Vaults:4 | Found a runed translucent gate.
 53259 | Vaults:4 | Found a runed translucent gate.
 53259 | Vaults:4 | Found an opulent altar of Gozag.
 53261 | Vaults:4 | Found Siogh's Assorted Antiques.
 53261 | Vaults:4 | Noticed Forgeling's ghost (adept FeEn)
 53288 | Vaults:4 | Killed Forgeling's ghost
 53345 | Vaults:4 | Bought a glowing scarf for 280 gold pieces
 53560 | Vaults:4 | Reached skill level 24 in Dodging
 53930 | Elf:1    | Entered Level 1 of the Elven Halls
 54422 | Elf:1    | Reached XP level 24. HP: 208/212 MP: 34/34
 54595 | Elf:1    | Acquired a manual of Evocations
 54931 | Elf:2    | Identified Roxanne's Grimoire of the Rocks
 54931 | Elf:2    | Noticed Roxanne
 55015 | Elf:2    | Killed Roxanne
 55024 | Elf:2    | Learned a level 5 spell: Summon Mana Viper
 55425 | Elf:2    | Reached skill level 1 in Hexes
 55456 | Elf:2    | Found a runed translucent gate.
 55472 | Elf:2    | Found a runed translucent gate.
 55477 | Elf:2    | Found a runed translucent gate.
 55513 | Elf:2    | Noticed Agnes
 55515 | Elf:2    | Killed Agnes
 55877 | Elf:3    | Entered Level 3 of the Elven Halls
 55959 | Elf:3    | Reached skill level 10 in Evocations
 56020 | Elf:3    | Found a runed translucent door.
 56062 | Elf:3    | Noticed t4s4d4r's ghost (adept DgHu)
 56114 | Elf:3    | Killed t4s4d4r's ghost
 56162 | Elf:3    | Identified the +3 mace of Melee {venom, Str+3}
 56263 | Elf:3    | Found Liozaghe's Distillery.
 56271 | Elf:3    | Bought a potion of haste for 140 gold pieces
 56271 | Elf:3    | Bought a potion of cancellation for 112 gold pieces
 56271 | Elf:3    | Bought a potion of cancellation for 112 gold pieces
 56271 | Elf:3    | Bought a potion of might for 56 gold pieces
 56271 | Elf:3    | Bought a potion of attraction for 42 gold pieces
 56271 | Elf:3    | Bought a potion of ambrosia for 112 gold pieces
 56271 | Elf:3    | Bought a potion of heal wounds for 70 gold pieces
 56271 | Elf:3    | Bought a potion of attraction for 42 gold pieces
 56271 | Elf:3    | Bought a potion of heal wounds for 70 gold pieces
 56397 | Elf:3    | Identified the +0 leather armour of Untruth {*Corrode rElec
                  | rC++}
 56409 | Elf:3    | Reached skill level 5 in Hexes
 56412 | Elf:3    | Identified the ring "Pixyef Keos" {Fire +Blink}
 56429 | Elf:3    | Identified the +11 long sword of the Peculiar Queens
                  | {heavy, Str+2 Int+3 Dex+3 Stlth+}
 56438 | Elf:3    | Identified the ring "Maggyv Tiax" {Wiz Contam rF++ Str+3}
 56457 | Elf:3    | Identified the staff of conjuration "Niagyi" {Str+5 Int+3}
 56460 | Elf:3    | Identified the +2 dagger of the Hall of Blades {freeze,
                  | Int+3}
 56496 | Elf:3    | Identified the +4 ring mail "Bifovyov" {Will+ rCorr}
 57260 | Orc:2    | Bought +0 ice dragon scales for 720 gold pieces
 57524 | Slime:1  | Entered Level 1 of the Pits of Slime
 58716 | Slime:4  | Gained mutation: You sometimes lose your temper in combat.
                  | [a shining eye]
 58821 | Slime:3  | Lost mutation: You sometimes lose your temper in combat.
                  | [potion of mutation]
 58821 | Slime:3  | Gained mutation: You are partially covered in iridescent
                  | scales. (AC +2) [potion of mutation]
 58821 | Slime:3  | Gained mutation: You expend magic power (3 MP) to
                  | strengthen your wands. [potion of mutation]
 58821 | Slime:3  | Gained mutation: You have a pair of small horns on your
                  | head. [potion of mutation]
 58925 | Slime:4  | Gained mutation: You are clumsy. (Dex -2) [a shining eye]
 58947 | Slime:5  | Entered Level 5 of the Pits of Slime
 58970 | Slime:5  | Noticed the Royal Jelly
 58988 | Slime:5  | Killed the Royal Jelly
 59012 | Slime:5  | Reached XP level 25. HP: 116/219 MP: 6/35
 59021 | Slime:5  | HP: 7/219 [acid blob/splash of acid (10)]
 59022 | Slime:5  | Blown up by an eye of devastation

Illustrated notes

Levels and vault maps discovered:
D:1:      minmay_arrival_open_corners, layout_basic,
          dilly_ecumenical_altar_fadedgnrine
D:2:      layout_basic, serial_shops, shop, grunt_ministairs_13,
          minmay_split_cup_small
D:3:      layout_rooms, chequers_serial_rivers_room_b, uniq_grinder
D:4:      layout_loops_ring, gammafunk_temple_overflow_pools,
          minmay_temple_entry_overgrown, serial_shops,
          nicolae_shop_rolling_square, nicolae_shop_overcharged_wands
D:5:      lemuel_ice_spiral_2, layout_rooms, general_overflow_altar,
          grunt_decor_junction, nicolae_concentric_dashed_squares_wild,
          doesnt_shop_hydraphobe
D:6:      layout_basic, evilmike_ruin_ashenzari, minmay_between
D:7:      layout_basic, dk_yredelemnul_ordeal, mainiacjoe_overflow_brackets,
          kennysheep_mini_moat, uniq_pikel
D:8:      lemuel_ratsnest, layout_basic, kennysheep_mini,
          overflow_temple_1_default, uniq_amaemon
D:9:      layout_roguey, lemuel_round_altar,
          mainiacjoe_overflow_concentric_impassable, nicolae_water_bricks,
          uniq_erica
D:10:     cheibrodos_barr_body, layout_basic, tgw_fedhas,
          erik_lair_orcish_takeover, minmay_statues_item, uniq_gastronok,
          uniq_maurice
D:11:     layout_rooms, orc_0_dummy, gammafunk_ghost_ooze,
          nicolae_shop_fire_sale [nicolae_sub_dead_trees]
D:12:     minmay_klotski, layout_basic, special_room [special_room_bee]
D:13:     layout_irregular_city
D:14:     layout_grid_maze, hangedman_vaults_entry_quadrant_bands,
          chequers_serial_rivers_micro_e, serial_shops, shop,
          kennysheep_generic_room_11
D:15:     gammafunk_depths_entry_grave, layout_rooms, grunt_dithmenos_smoke,
          nicolae_elyvilon_temple_path, uniq_jorgrun
Temple:   nicolae_temple_bog_church
Lair:1:   layout_cave_pods, enter_volcano_3, small_statue_intersection,
          serial_bayou_shore_b
Lair:2:   layout_long_grid
Lair:3:   layout_regular_city, swamp_mist_pool, dummy_snake_entry,
          maelrawn_ghost_gauntlet_escape
Lair:4:   layout_cellular_growth, st_stairs_6, serial_bayou_shore_a
Lair:5:   hangedman_lair_in_review, layout_gridlike,
          hangedman_lair_caniforms_friends, slime_entry_2, ice2_lemuel,
          uniq_sonja, uniq_josephine
Swamp:1:  layout_falls_marsh, infiniplex_staircase_pool_2, swamp_pool5
Swamp:2:  layout_basic_swamp, evilmike_swamp_ruin_house_6, swamp_pool1
Swamp:3:  layout_falls_marsh, serial_swamp_ruin, evilmike_swamp_ruin_rubble_1,
          evilmike_swamp_ruin_house_3, evilmike_swamp_ruin_house_4
Swamp:4:  swamp, layout_basic_swamp
Snake:1:  layout_layer_cave
Snake:2:  layout_grid_shapes, nicolae_integral_box, serial_bayou_shore_b
Snake:3:  layout_cave_town, uniq_aizul
Snake:4:  johnstein_snake_rune_scales, layout_cave_town, uniq_vashnia
Slime:1:  layout_caves
Slime:2:  layout_caves, nicolae_slime_welcoming_committee
Slime:3:  cheibrodos_slime_lost_civilization_9, layout_caves,
          cheibrodos_slime_lost_civilization_6
Slime:4:  layout_caves, uniq_dissolution
Slime:5
Orc:1:    layout_caves, serial_shops, small_statue_alley_c, minmay_orc_barracks
Orc:2:    grunt_orc_tribal_feast, layout_diamond_mine, kennysheep_orc_chapel
Elf:1:    layout_loops_corners, hangedman_elf_represent
Elf:2:    nicolae_elf_blades_splatter_lattice
          [nicolae_vaults_blade_armed_guards], layout_rooms, uniq_roxanne,
          uniq_agnes
Elf:3:    minmay_elf_hall_curves, layout_gridlike,
          ebering_ghost_reflecting_pool, serial_shops,
          nicolae_shop_industrial_runoff
Vaults:1: nicolae_vaults_big_angled_halls, st_smaller_cells,
          nicolae_vaults_closet_pinwheel_6, grunt_vaults_focal,
          nicolae_vaults_storage_closets_2, nicolae_vaults_closet_pinwheel_2,
          nicolae_vaults_more_shelving_2, hangedman_vaults_nails,
          vaults_room_grunt_arrival_checkpoint, layout_vaults_omnigrid,
          uniq_zenata
Vaults:2: nicolae_vaults_offset_grid_hallway_2, grunt_vaults_trifunnel,
          v_alt_pattern_6, minmay_crypt_entry_simple_walls, v_rooms_1,
          nicolae_vaults_twisting_passages, nicolae_vaults_storage_room_doors,
          nicolae_vaults_trapezoid_1, nicolae_vaults_trapezoid_lopsided_2,
          hangedman_vaults_restitches, nicolae_vaults_heist,
          nicolae_vaults_surprise_closet_hard, nicolae_vaults_hexular_roomagon,
          layout_vaults_ring, serial_shops, bzr_in_the_mist, uniq_xtahua
Vaults:3: nicolae_vaults_little_squares_6, nicolae_vaults_variable_pillar_hall,
          nicolae_vaults_meeting, nicolae_vaults_specimen_jars, v_misc_26,
          nicolae_vaults_trapezoid_lopsided_1, grunt_vaults_hallway_short,
          v_alt_pattern_2, v_misc_19, layout_vaults_maze_snakey, serial_shops,
          shop, uniq_mennas
Vaults:4: ebering_ghost_gozag, v_pattern_4, ontoclasm_vaults_gateway,
          nicolae_vaults_little_ls, v_misc_1, vaults_standard_mumra_lines,
          vaults_room_fancy_cross, nicolae_vaults_door_testing_chamber,
          vaults_room_pools, vaults_room_grid,
          nicolae_vaults_taking_the_gang_shopping,
          nicolae_vaults_border_crossing, vaults_room_semicircle,
          layout_vaults_omnicross
Crypt:1:  layout_chaotic_city, minivault_14, hex_medium
Crypt:2:  gammafunk_its_a_trap, layout_misc_corridors, fountainhead,
          uniq_saint_roka
Crypt:3:  due_elkab, layout_chaotic_city, nicolae_tomb_entry_rubble_hallway
Depths:1: layout_cave_pools, hell_entry, nzn_life_drinkers
Depths:2: wad_pebble_path, layout_basic, hell_entry, lemuel_tele_altar,
          pan_entry, nicolae_qazlal_general_emergency
Depths:3: cheibrodos_salmonella, layout_gridlike, enter_ziggurat_a,
          serial_bayou_lagoon_a, hell_entry, hangedman_abyss_entry_splay
Depths:4: evilmike_zot_entry_argh, layout_gridlike,
          grunt_hell_entry_demonic_statue, grunt_gozag_breadcrumbs, uniq_grunn,
          uniq_jory

Skill      XL: |  1  2  3  4  5  6  7  8  9 10 11 12 13 14 15 16 17 18 19 20 21 22 23 24 |
---------------+-------------------------------------------------------------------------+-----
Long Blades    | 4 7 8 10 12 13 14 16 18 | 18.0
Invocations    | 1 7 10 11 15 17 | 17.7
Fighting       | 4 7 10 11 13 15 17 18 20 22 | 22.4
Dodging        | 5 6 10 11 14 15 18 19 21 22 24 | 24.0
Throwing       | 2 5 |  5.0
Shields        | 5 6 9 12 15 | 15.0
Summonings     | 2 6 10 12 13 15 17 19 21 | 21.0
Evocations     | 6 7 12 | 12.8
Armour         | 5 6 |  6.3
Spellcasting   | 4 5 6 7 |  7.0
Hexes          | 6 |  6.0

Action                     |  1- 3 |  4- 6 |  7- 9 | 10-12 | 13-15 | 16-18 | 19-21 | 22-24 | 25-27 || total
---------------------------+-------+-------+-------+-------+-------+-------+-------+-------+-------++-------
  Melee: Falchion          |    82 |    69 |   149 |    38 |       |       |       |       |       ||   338
         Eudemon blade     |       |    29 |   100 |   197 |   204 |   212 |   498 |   257 |     6 ||  1503
         Long sword        |       |       |       |    55 |       |       |       |       |       ||    55
         Scimitar          |       |       |       |   235 |   727 |    65 |       |       |       ||  1027
         Punch             |       |       |       |     1 |       |       |       |       |       ||     1
         Tailslap          |       |       |       |       |     7 |    44 |       |       |       ||    51
         Katana            |       |       |       |       |   295 |  1092 |   874 |  1394 |       ||  3655
         Headbutt          |       |       |       |       |       |       |       |    16 |     2 ||    18
  Throw: Dart              |       |       |     2 |    12 |    12 |       |       |       |       ||    26
   Cast: Call Canine Famil |       |       |       |       |       |     4 |     7 |       |       ||    11
         Summon Ice Beast  |       |       |       |       |       |       |     4 |       |       ||     4
         Summon Hydra      |       |       |       |       |       |       |     8 |     6 |       ||    14
         Summon Cactus Gia |       |       |       |       |       |       |     7 |     3 |       ||    10
 Invoke: Recite            |     2 |     2 |     2 |       |       |       |       |       |       ||     6
         Divine Shield     |       |       |       |     5 |     5 |       |     1 |     1 |       ||    12
         Cleansing Flame   |       |       |       |     1 |     2 |     2 |     8 |    18 |     1 ||    32
         Summon Divine War |       |       |       |       |     6 |    11 |    13 |    24 |       ||    54
  Evoke: Wand              |       |       |       |       |     1 |       |     1 |     1 |       ||     3
         Box of beasts     |       |       |       |       |       |     1 |       |       |       ||     1
         Lightning rod     |       |       |       |       |       |     4 |       |       |       ||     4
         Condenser vane    |       |       |       |       |       |     1 |       |       |       ||     1
    Use: Scroll            |       |       |    12 |     8 |    11 |     4 |    11 |     5 |     1 ||    52
         Potion            |       |       |       |       |     2 |     1 |     3 |     3 |     3 ||    12
 Armour: Robe              |    15 |     9 |    27 |    12 |       |       |    11 |    57 |     2 ||   133
         Chain mail        |       |       |       |    28 |     1 |       |       |       |       ||    29
         Leather armour    |       |       |       |       |    99 |    53 |       |       |       ||   152
         Swamp dragon scal |       |       |       |       |       |    99 |   140 |       |       ||   239
         Ice dragon scales |       |       |       |       |       |       |       |    19 |       ||    19
  Dodge: Dodged            |    58 |    68 |   158 |   407 |  1144 |  1013 |   957 |   612 |    14 ||  4431
         Repelled          |       |       |       |       |       |    51 |    16 |    11 |     2 ||    80
  Block: Other             |       |       |       |     6 |       |       |       |       |       ||     6
         Buckler           |       |       |       |    44 |   375 |   371 |   435 |       |       ||  1225
         Tower shield      |       |       |       |       |       |       |   330 |  1556 |    29 ||  1915
         Reflection        |       |       |       |       |       |       |    11 |    97 |     2 ||   110
